 Dungeon Crawl Stone Soup version 0.24-a0-504-gcfb02b9 (webtiles) character file.

Game seed: 15210563299621937081

27 robertstho the Skirmisher (level 3, -1/30 HPs)
             Began as a Formicid Abyssal Knight on July 16, 2019.
             Was a Follower of Lugonu.
             Slain by a gnoll
             ... wielding a +0 club
              (8 damage)
             ... on level 2 of the Dungeon.
             The game lasted 00:01:16 (755 turns).

robertstho the Skirmisher (Formicid Abyssal Knight)  Turns: 755, Time: 00:01:17

Health: -1/30      AC:  3    Str: 17    XL:     3   Next: 25%
Magic:  4/4        EV: 11    Int: 11    God:    Lugonu [*.....]
Gold:   42         SH:  0    Dex: 10    Spells: 2/2 levels left

rFire    . . .     SeeInvis +   d - +0 hand axe (flame)
rCold    . . .     Gourm    .   (no shield)
rNeg     . . .     Faith    .   b - +0 leather armour
rPois    .         Spirit   .   (helmet unavailable)
rElec    .         Reflect  .   (no cloak)
rCorr    .         Harm     .   (no gloves)
MR       .....                  (no boots)
Stlth    +.........             (no amulet)
HPRegen  0.10/turn              (no ring)
MPRegen  0.09/turn              (no ring)

@: no status effects
A: permanent stasis, dig shafts and tunnels, four strong arms, antennae 3
a: Dig, Shaft Self, Depart the Abyss, Renounce Religion


You were on level 2 of the Dungeon.
You worshipped Lugonu.
Lugonu was aware of your devotion.
You were not hungry.

You visited 1 branch of the dungeon, and saw 2 of its levels.
You visited the Abyss 1 time.

You collected 42 gold pieces.

Inventory:

Hand Weapons
 d - a +0 hand axe of flaming (weapon)
Armour
 b - a +0 leather armour (worn)
Potions
 e - 3 potions of degeneration {unknown}
Comestibles
 a - a chunk of flesh
 c - 2 rations


   Skills:
 + Level 4.2 Fighting
 + Level 2.2 Axes
 + Level 2.3 Armour
 + Level 1.0 Dodging
 + Level 2.2 Invocations


You had 2 spell levels left.
You didn't know any spells.
Your spell library was empty.

Dungeon Overview and Level Annotations

Branches:
Dungeon (2/15)

Altars:


Innate Abilities, Weirdness & Mutations

You cannot be hasted, slowed, berserked, paralysed or teleported.
You can dig through walls and to a lower floor.
Your four strong arms can wield two-handed weapons with a shield.
You have a pair of large antennae on your head. (SInv)


Message History

The gnoll shouts!
You hit the giant cockroach. You burn the giant cockroach.
The giant cockroach is almost dead.
The giant cockroach barely misses you.
You hit the giant cockroach. You burn the giant cockroach.
You kill the giant cockroach!
Lugonu accepts your kill.
A jackal comes into view.
The gnoll hits you with a +0 halberd. The gnoll hits you with a +0 club!
* * * LOW HITPOINT WARNING * * *
You see here a giant cockroach corpse.
You are too injured to fight recklessly!
You are too injured to fight recklessly!
You are too injured to fight recklessly!
You are too injured to fight recklessly!
The gnoll hits you from afar with a +0 halberd.
* * * LOW HITPOINT WARNING * * *
There is a stone staircase leading down here.
The gnoll hits you with a +0 club!
You die...

#.# #.# ..##... #.####.#
....... #.#.##.# .......
#....#.### #.......
########......g..#........
....[..).)...{###.#......h
.......†.....{gg..†..#
########<...g#########
#......@.......
#.####.######## #.# #.#
#.# #.# #.# #.# #.# #.#
#.# #.# { #.# #.# #.# #..


You could see a gnoll.

Vanquished Creatures
  An ooze (D:2)
  2 giant cockroaches
  4 goblins
  3 hobgoblins (D:1)
  2 jackals (D:1)
  A bat (D:1)
  2 frilled lizards (D:1)
  4 kobolds
  2 rats (D:1)
21 creatures vanquished.

Notes
Turn   | Place    | Note
-------+----------+-------------------------------------------
     0 | Abyss:1  | robertstho the Formicid Abyssal Knight began the quest for
                  | the Orb.
     0 | Abyss:1  | Reached XP level 1. HP: 18/18 MP: 2/2
    46 | Abyss:1  | Noticed a starcursed mass
    46 | Abyss:1  | Noticed a rakshasa
    48 | Abyss:1  | Noticed a flying skull
    51 | D:1      | Escaped the Abyss
   325 | D:1      | Reached XP level 2. HP: 17/25 MP: 3/3
   362 | D:1      | Reached * piety under Lugonu
   484 | D:1      | Reached skill level 4 in Fighting
   715 | D:2      | Reached skill level 1 in Dodging
   722 | D:2      | Reached XP level 3. HP: 17/30 MP: 4/4
   755 | D:2      | Slain by a gnoll

Levels and vault maps discovered:
D:1:      minmay_arrival_stair_chambers, layout_basic
D:2:      layout_loops_ring, dancing_weapons_uskayaw, makhleb_grotto_becter,
          uniq_natasha

Skill      XL: |  1  2 |
---------------+-------+-----
Fighting       | 4 |  4.2
Dodging        | 1 |  1.0
Axes           | |  2.2
Armour         | |  2.3
Invocations    | |  2.2

Action                   || total
-------------------------++-------
Melee: Hand axe          ||    63
Invok: Depart the Abyss  ||     1
Armor: Leather armour    ||    15
Dodge: Dodged            ||    43

Table legend:
 A = Non-vault XP
 B = Vault XP
 C = Vault XP percentage of total XP
 D = Non-vault monster count
 E = Vault monster count
 F = Vault count percentage of total count
                 A         B        C        D         E       F
            +---------+---------+-------+---------+---------+-------
      Total |      39 |       0 |   0.0 |      21 |       0 |   0.0
            +---------+---------+-------+---------+---------+-------
        D:1 |      24 |       0 |   0.0 |      16 |       0 |   0.0
        D:2 |      15 |       0 |   0.0 |       5 |       0 |   0.0
            +---------+---------+-------+---------+---------+-------
